 Dungeon Crawl Stone Soup version 0.20.0-15-g7f486f2 (webtiles) character file.

14324 straycat the Fighter (level 11, -3/86 HPs)
             Began as a Vampire Fighter on June 10, 2017.
             Was a Priest of Hepliaklqana.
             Slain by a six-headed hydra (8 damage)
             ... on level 10 of the Dungeon.
             The game lasted 01:24:13 (14437 turns).

straycat the Fighter (Vampire Fighter)             Turns: 14437, Time: 01:24:15

Health: -3/86      AC:  9    Str: 18    XL:     11   Next: 87%
Magic:  10/18      EV: 21    Int: 10    God:    Hepliaklqana [***...]
Gold:   430        SH:  5    Dex: 15    Spells: 0/20 levels left

rFire    . . .     SeeInvis +   a - +5 rapier
rCold    . . .     Gourm    .   P - +0 buckler
rNeg     + . .     Faith    .   y - +0 steam dragon scales
rPois    .         Spirit   .   (no helmet)
rElec    .         Reflect  .   I - +2 cloak
rCorr    +         Harm     .   (no gloves)
MR       +....                  X - +0 pair of boots
Stlth    +++++.....             (no amulet)
Regen    0.3/turn               L - ring of resist corrosion
MPRegen  0.2/turn               (no ring)

@: infused, very slightly contaminated
A: reduced essence, fangs 3, see invisible, unbreathing
a: Bat Form, Recall Ancestor, Ancestor Identity, Transference, Renounce Religion


You were on level 10 of the Dungeon.
You worshipped Hepliaklqana.
Hepliaklqana was most pleased with you.
You were not thirsty.

You visited 2 branches of the dungeon, and saw 12 of its levels.

You collected 430 gold pieces.

Inventory:

Hand Weapons
 a - a +5 rapier (weapon)
 f - a +2 whip of freezing
 o - a +0 hunting sling
 C - a +0 blowgun
 F - a +4 scimitar
 M - a +1 vampiric trident
 V - a +0 whip of pain
 W - a +0 arbalest
Missiles
 g - 48 bolts
 p - 89 sling bullets
 u - 301 arrows
 v - 25 tomahawks (quivered)
 G - a throwing net
 Q - 33 poisoned needles
Armour
 c - a +0 shield
 y - +0 steam dragon scales (worn)
 z - a +0 plate armour
 I - a +2 cloak (worn)
 P - a +0 buckler (worn)
 T - a +0 troll leather armour
 X - a +0 pair of boots (worn)
Jewellery
 L - a ring of resist corrosion (left hand)
Wands
 b - a wand of digging (11/24)
 j - a wand of confusion (17/48)
 k - a wand of clouds (3/9)
 D - a wand of iceblast (7/15)
 H - a wand of acid (12/15)
 J - a wand of scattershot (5/9)
Scrolls
 i - 4 scrolls of remove curse
 l - a scroll of recharging
 B - a scroll of magic mapping
 E - 3 scrolls of teleportation
 S - a scroll of fear
Potions
 d - a potion of agility
 e - 29 potions of blood
 h - 2 potions of magic
 m - a potion of invisibility {unknown}
 q - 5 potions of curing
 r - a potion of brilliance {unknown}
 s - a potion of cancellation {unknown}
 x - a potion of mutation
 U - a potion of flight {unknown}
Books
 n - a book of Misfortune

   Spells                             Type                      Level
   a - Confusing Touch                Hexes                        1
   b - Confuse                        Hexes                        3
   c - Gell's Gravitas                Translocation                3
   d - Petrify                        Transmutation/Earth          4
   e - Metabolic Englaciation         Hexes/Ice                    5
   f - Yara's Violent Unravelling     Hexes/Transmutation          5
 w - a book of Necromancy

   Spells                             Type                      Level
   a - Pain                           Necromancy                   1
   b - Animate Skeleton               Necromancy                   1
   c - Vampiric Draining              Necromancy                   3
   d - Regeneration                   Charms/Necromancy            3
   e - Animate Dead                   Necromancy                   4
   f - Control Undead                 Necromancy                   4
 R - a book of Air

   Spells                             Type                      Level
   a - Shock                          Conjuration/Air              1
   b - Swiftness                      Charms/Air                   2
   c - Static Discharge               Conjuration/Air              3
   d - Airstrike                      Air                          4
   e - Lightning Bolt                 Conjuration/Air              5


   Skills:
 + Level 12.4 Fighting
 + Level 5.2 Short Blades
 - Level 2.4 Armour
 * Level 12.3 Dodging
 + Level 10.4 Stealth
 + Level 5.4 Shields
 + Level 5.2 Spellcasting
 * Level 2.1 Charms
 + Level 1.2 Necromancy


You couldn't memorise any spells.
You knew the following spells:

 Your Spells              Type           Power        Failure   Level  Hunger
a - Infusion              Chrm           #...         9%          1    None
b - Shroud of Golubria    Chrm/Tloc      #.........   22%         2    ##.....
c - Song of Slaying       Chrm           #.......     14%         2    ##.....
d - Animate Skeleton      Necr           N/A          14%         1    None
e - Pain                  Necr           #...         14%         1    None
f - Shock                 Conj/Air       #...         22%         1    None
g - Confuse               Hex            #.......     56%         3    ###....
h - Gell's Gravitas       Tloc           #.........   56%         3    ###....
i - Vampiric Draining     Necr           #.........   38%         3    ###....
j - Spectral Weapon       Hex/Chrm       #.......     38%         3    ###....


Dungeon Overview and Level Annotations

Branches:
Dungeon (11/15)            Temple (1/1) D:5            Lair (0/6) D:10
    Orc (0/2) D:10

Altars:
Ashenzari
Cheibriados
Dithmenos
Elyvilon
Fedhas
Gozag
Hepliaklqana
Kikubaaqudgha
Makhleb
Nemelex Xobeh
Okawaru
Qazlal
Ru
Sif Muna
Trog
Uskayaw
Vehumet
Xom
Yredelemnul
Zin
The Shining One

Shops:
D:7 %   D:9 [

Annotations:
D:4 ThereIsNoGod's ghost, novice GrFi


Innate Abilities, Weirdness & Mutations

You have razor-sharp teeth.
You have supernaturally acute eyesight. (SInv)
You can survive without breathing.
Your life essence is reduced. (-10% HP)


Message History

The six-headed hydra is severely wounded.
The six-headed hydra misses you.
You block the six-headed hydra's attack.
The six-headed hydra closely misses you.
The six-headed hydra misses you. The six-headed hydra barely misses you.
The six-headed hydra misses you.
You puncture the six-headed hydra!
The six-headed hydra is almost dead.
The six-headed hydra bites you. x3
* * * LOW HITPOINT WARNING * * *
The six-headed hydra misses you. The six-headed hydra bites you.
* * * LOW HITPOINT WARNING * * *
You block the six-headed hydra's attack.
You barely miss the six-headed hydra.
The six-headed hydra is almost dead.
The six-headed hydra bites you!
* * * LOW HITPOINT WARNING * * *
The six-headed hydra completely misses you.
The six-headed hydra bites you!
You die...

.....................#
..................>..#
...###'#.............#
...#.................#
...#.................#
.###.............###.#
.#.......#.........#.#
.#.......#..#.....##.#
.##......#..#...@.#..#
..#......#..#....D#..#
..#......#..'..####..#
..#...>..#..####.....#
..########...........#
.....................#
.....................#
...............#######
...............#


You could see a six-headed hydra.

Vanquished Creatures
  5 two-headed ogres
  Pikel (D:4)
  A gargoyle (D:10)
  2 trolls (D:10)
  8 yaks (D:9)
  A hungry ghost (D:10)
  A steam dragon (D:8)
  2 water moccasins (D:9)
  3 porcupines
  3 orc warriors
  2 sky beasts
  An ice beast (D:9)
  A slave (D:3)
  2 phantoms
  3 ogres
  8 centaurs
  2 crocodiles (D:10)
  A bullfrog (D:9)
  2 big kobolds
  A water moccasin zombie (D:5)
  A gnoll sergeant (D:8)
  6 scorpions
  4 killer bees (D:8)
  4 howler monkeys
  9 wights
  3 crimson imps
  2 centaur zombies
  2 orc priests
  4 jellies
  A bullfrog skeleton (D:6)
  3 centaur skeletons
  2 hounds
  10 orc wizards
  4 iguanas
  9 worker ants
  A howler monkey zombie (D:5)
  2 gnolls (D:8)
  A worker ant zombie (D:4)
  3 adders
  4 shadow imps
  An ooze (D:5)
  An adder skeleton (D:4)
  2 adder zombies
  4 worms (D:2)
  3 dart slugs
  4 leopard geckos
  30 orcs
  2 ball pythons
  3 giant cockroaches
  14 goblins
  8 hobgoblins
  16 jackals
  10 quokkas
  6 bats
  2 frilled lizards
  A jackal skeleton (D:4)
  12 kobolds
  A quokka skeleton (D:9)
  2 quokka zombies
  9 rats
256 creatures vanquished.

Vanquished Creatures (collateral kills)
  An oklob plant (D:10)
  Maurice (D:10)
  A hippogriff (D:10)
  6 yaks
  A warg (D:10)
  An orc warrior (D:10)
  An ogre (D:10)
  2 centaurs (D:7)
  2 crocodiles (D:10)
  A big kobold (D:10)
  A bullfrog (D:9)
  2 scorpions
  A wyvern skeleton (D:10)
  3 wights
  3 howler monkeys (D:10)
  3 crimson imps
  An orc priest (D:10)
  2 jellies
  A bullfrog zombie (D:10)
  2 hounds
  An iguana (D:10)
  A hound zombie (D:11)
  A hound skeleton (D:7)
  A gnoll (D:8)
  3 adders
  A shadow imp (D:9)
  A leopard gecko (D:10)
  6 orcs
  2 jackals
  2 kobolds (D:10)
  A quokka (D:9)
  A ball python (D:6)
57 creatures vanquished.

Vanquished Creatures (others)
  A slave (D:4)
  6 battlemagi
  An orc wizard (D:9)
  5 ancestors
  2 orcs (D:4)
  2 bushes (D:10)
  7 fungi (D:10)
  15 plants (D:10)
  A spectral weapon (D:11)
40 creatures vanquished.

Grand Total: 353 creatures vanquished

Notes
Turn   | Place    | Note
-------+----------+-------------------------------------------
     0 | D:1      | straycat the Vampire Fighter began the quest for the Orb.
     0 | D:1      | Reached XP level 1. HP: 17/17 MP: 1/1
   147 | D:1      | Reached skill level 1 in Dodging
   223 | D:1      | Reached XP level 2. HP: 19/23 MP: 2/2
   530 | D:1      | Reached skill level 1 in Stealth
   883 | D:2      | Reached XP level 3. HP: 16/29 MP: 3/3
  1852 | D:2      | Reached XP level 4. HP: 26/35 MP: 4/4
  2226 | D:3      | Reached XP level 5. HP: 41/41 MP: 5/5
  2555 | D:4      | Noticed a slave
  2555 | D:4      | Noticed a slave
  2555 | D:4      | Noticed a slave
  2558 | D:4      | Noticed Pikel
  2558 | D:4      | Noticed a slave
  2626 | D:3      | Killed a slave
  2688 | D:4      | Noticed ThereIsNoGod's ghost (novice GrFi)
  3355 | D:4      | Killed Pikel
  3355 | D:4      | Reached XP level 6. HP: 29/49 MP: 6/6
  3355 | D:4      | Reached XP level 7. HP: 33/55 MP: 7/7
  3866 | D:5      | Entered Level 5 of the Dungeon
  3942 | D:5      | Found a staircase to the Ecumenical Temple.
  3964 | Temple   | Entered the Ecumenical Temple
  4089 | Temple   | Became a worshipper of Hepliaklqana the Forgotten
  4390 | D:5      | Reached skill level 5 in Fighting
  4390 | D:5      | Reached XP level 8. HP: 34/55 MP: 8/8
  5836 | D:5      | Identified a scroll of acquirement
  6473 | D:6      | Reached * piety under Hepliaklqana
  7005 | D:7      | Reached XP level 9. HP: 42/63 MP: 9/9
  7219 | D:7      | Reached skill level 10 in Dodging
  7575 | D:7      | Found Uludorag's Food Shoppe.
  8707 | D:8      | Reached skill level 10 in Fighting
  9292 | D:8      | Learned a level 1 spell: Infusion
  9295 | D:8      | Learned a level 2 spell: Shroud of Golubria
  9298 | D:8      | Learned a level 2 spell: Song of Slaying
  9300 | D:8      | Learned a level 1 spell: Animate Skeleton
  9302 | D:8      | Learned a level 1 spell: Pain
  9537 | D:9      | Noticed a two-headed ogre
  9638 | D:9      | Noticed a two-headed ogre
  9638 | D:9      | Reached ** piety under Hepliaklqana
  9639 | D:9      | Remembered your ancestor Seras as a battlemage
  9654 | D:9      | Killed a two-headed ogre
  9654 | D:9      | Reached skill level 1 in Spellcasting
  9654 | D:9      | Reached XP level 10. HP: 38/77 MP: 6/11
  9948 | D:9      | Found Vibuok's Armour Emporium.
 10007 | D:9      | Killed a two-headed ogre
 10255 | D:9      | Learned a level 1 spell: Shock
 10259 | D:9      | Learned a level 3 spell: Confuse
 10440 | D:9      | Noticed a two-headed ogre
 10461 | D:10     | Entered Level 10 of the Dungeon
 10461 | D:10     | Noticed Maurice
 10519 | D:10     | Killed a two-headed ogre
 11148 | D:9      | Noticed a two-headed ogre
 11162 | D:9      | Killed a two-headed ogre
 11390 | D:10     | Noticed an oklob plant
 11392 | D:10     | Found a basalt altar of Yredelemnul.
 11606 | D:10     | Killed an oklob plant
 11606 | D:10     | Reached XP level 11. HP: 45/85 MP: 9/15
 11893 | D:10     | Found a staircase to the Lair.
 12421 | D:10     | Reached skill level 5 in Shields
 12671 | D:10     | Reached skill level 10 in Stealth
 13090 | D:10     | Killed Maurice
 13370 | D:10     | Reached skill level 5 in Spellcasting
 13443 | D:10     | Found a staircase to the Orcish Mines.
 13684 | D:10     | Learned a level 3 spell: Gell's Gravitas
 13688 | D:10     | Learned a level 3 spell: Vampiric Draining
 13692 | D:10     | Learned a level 3 spell: Spectral Weapon
 13737 | D:10     | Reached skill level 5 in Short Blades
 13777 | D:10     | Noticed a two-headed ogre
 13787 | D:10     | Killed a two-headed ogre
 13787 | D:10     | Reached skill level 1 in Charms
 14324 | D:11     | Reached skill level 1 in Necromancy
 14366 | D:11     | Reached *** piety under Hepliaklqana
 14412 | D:11     | Noticed a six-headed hydra
 14422 | D:11     | Noticed a five-headed hydra
 14437 | D:10     | Slain by a six-headed hydra

Skill      XL: |  1  2  3  4  5  6  7  8  9 10 11 |
---------------+----------------------------------+-----
Dodging        | 1 2 3 6 7 9 10 11 12 | 12.3
Stealth        | 1 2 3 6 7 9 10 | 10.4
Fighting       | 3 4 5 6 10 11 12 | 12.4
Shields        | 3 4 5 |  5.4
Spellcasting   | 1 3 5 |  5.2
Short Blades   | 4 5 |  5.2
Charms         | 2 |  2.1
Necromancy     | 1 |  1.2
Armour         | |  2.4

Action                   |  1- 3 |  4- 6 |  7- 9 | 10-12 || total
-------------------------+-------+-------+-------+-------++-------
Melee: Rapier            |   116 |   191 |   178 |   327 ||   812
       Bite              |    15 |    22 |    55 |    56 ||   148
       Scimitar          |       |       |   182 |    33 ||   215
       Trident           |       |       |    12 |       ||    12
 Cast: Pain              |       |       |     2 |       ||     2
       Infusion          |       |       |     1 |     3 ||     4
       Shock             |       |       |       |     5 ||     5
       Animate Skeleton  |       |       |       |     1 ||     1
       Spectral Weapon   |       |       |       |     1 ||     1
Invok: Recall Ancestor   |       |       |     2 |     3 ||     5
       Ancestor Identity |       |       |     1 |       ||     1
       Ancestor Life: Ba |       |       |     1 |       ||     1
 Abil: End Transformatio |       |       |     1 |       ||     1
       Bat Form          |       |       |     1 |       ||     1
  Use: Potion            |     2 |     9 |    15 |     7 ||    33
       Scroll            |       |    10 |    11 |     4 ||    25
 Stab: Sleeping          |       |     2 |     6 |     2 ||    10
       Distracted        |       |       |     2 |     3 ||     5
  Eat: Corpse            |       |       |     4 |     9 ||    13
Armor: Scale mail        |    52 |    58 |   102 |       ||   212
       Steam dragon scal |       |       |     6 |    47 ||    53
       Plate armour      |       |       |       |     8 ||     8
       Ring mail         |       |       |       |     2 ||     2
Dodge: Dodged            |    30 |    92 |   228 |   286 ||   636
Block: Shield            |    73 |    83 |   102 |       ||   258
       Buckler           |       |       |     9 |   100 ||   109
       Rpst.: Scimitar   |       |       |    37 |     8 ||    45
